 Dungeon Crawl Stone Soup version 0.25.0-46-gbd7b0854d2 (webtiles) character file.

Game seed: 14225701032826949130

1717 Ethylacetat the Spear-Bearer (level 9, -15/85 HPs)
             Began as a Naga Gladiator on July 13, 2020.
             Demolished by an orc warrior
             ... wielding a +0 mace
              (22 damage)
             ... on level 6 of the Dungeon.
             The game lasted 00:15:27 (7542 turns).

Ethylacetat the Spear-Bearer (Naga Gladiator)       Turns: 7542, Time: 00:15:28

Health: -15/85     AC:  7    Str: 17 (20) XL:     9   Next: 4%
Magic:  9/9        EV: 10    Int:  6 (9)  God:
Gold:   459        SH:  0    Dex: 20 (21) Spells: 8/8 levels left

rFire    . . .     SeeInvis +   a - +0 trident
rCold    . . .     Gourm    .   (no shield)
rNeg     . . .     Faith    .   C - +1 ring mail "Yrick" {rF- rCorr Dex+9}
rPois    +         Spirit   .   c - +0 helmet
rElec    .         Reflect  .   (no cloak)
rCorr    +         Harm     .   (no gloves)
MR       +....                  (no barding)
Stlth    ..........             (no amulet)
HPRegen  0.24/turn              (no ring)
MPRegen  0.11/turn              j - ring of protection from fire

@: confused, flying, hasted, quick
A: large, see invisible, deformed body, poison resistance, slowness 2, slow
metabolism 1, spit poison 1, AC +3
a: Spit Poison


You were on level 6 of the Dungeon.
You were hungry.

You visited 1 branch of the dungeon, and saw 6 of its levels.
You also visited: Ossuary.

You collected 459 gold pieces.

Inventory:

Hand Weapons
 a - a +0 trident (weapon)
Missiles
 d - a throwing net (quivered)
 y - 15 arrows
Armour
 c - a +0 helmet (worn)
 C - the +1 ring mail "Yrick" (worn) {rF- rCorr Dex+9}
   (You took it off an orc on level 5 of the Dungeon)

   It affects your dexterity (+9).
   It makes you vulnerable to fire.
   It provides partial protection from all sources of acid and corrosion.
Jewellery
 j - a ring of protection from fire (right hand)
Wands
 e - a wand of flame (13)
Scrolls
 b - a scroll of amnesia {unknown}
 g - 3 scrolls of enchant armour {unknown}
 k - 3 scrolls of remove curse
 l - 2 scrolls of enchant weapon {unknown}
 n - a scroll of magic mapping {unknown}
 o - 7 scrolls of identify
 u - 2 scrolls of fog {unknown}
 v - a scroll of fear {unknown}
Potions
 h - 2 potions of degeneration
 i - a potion of magic
 m - 4 potions of flight
 p - 4 potions of curing
 q - a potion of berserk rage {unknown}
 r - 2 potions of ambrosia
 s - 3 potions of might {unknown}
 t - a potion of heal wounds {unknown}
 w - a potion of invisibility
 x - a potion of mutation {unknown}
 z - 2 potions of lignification
Comestibles
 f - 8 rations
 A - a chunk of flesh


   Skills:
 + Level 6.7 Fighting
 * Level 9.7 Polearms
 - Level 1.7 Throwing
 - Level 2.4 Dodging


You had 8 spell levels left.
You didn't know any spells.
Your spell library was empty.

Dungeon Overview and Level Annotations

Branches:
Dungeon (6/15)            Ossuary (visited)
 Temple: D:4-7

Altars:
Ru

Shops:
D:5 (


Innate Abilities, Weirdness & Mutations

You cannot wear boots.
Your serpentine skin is tough. (AC +3)
You have supernaturally acute eyesight. (SInv)
Armour fits poorly on your strangely shaped body.
Your system is resistant to poisons. (rPois)
You cover ground very slowly.
You have a slow metabolism.
You can spit poison.


Message History

The orc wizard hits you but does no damage.
It was a potion of magic.
Magic courses through your body.
The orc warrior hits you with a +0 mace!
* * * LOW HITPOINT WARNING * * *
It was a potion of flight.
You feel very buoyant.
You fly up into the air.
The orc wizard hits you but does no damage.
It was a potion of ambrosia.
You are confused.
You feel invigorated.
You have got your breath back.
The orc warrior hits you with a +0 mace.
* * * LOW HITPOINT WARNING * * *
The orc wizard casts a spell at you.
The magic dart hits you but does no damage.
You bump into the rock wall.
The orc warrior looks more healthy.
You closely miss the orc wizard.
The orc warrior hits you with a +0 mace!!
You die...

#.#... #$... ##
#..##..# ##.......
####+++###<...#
........#...#.##..
#>.................
#....###o#.......#
#..o@oY..####..#
#...###...# ..
..... ....# ..##
....# . .......
....#... ...#......
## ##.


You could see an orc warrior, a sky beast (invisible) and 2 orc wizards.

Vanquished Creatures
  Prince Ribbit (D:5)
  Sigmund (D:4)
  Eustachio (D:5)
  Edmund (D:3)
  An orc warrior (D:2)
  2 ogres
  A phantom (D:4)
  A centaur (D:5)
  Blork the orc (D:5)
  A bullfrog zombie (D:4)
  An orc priest (D:5)
  An orc wizard (D:2)
  A centaur skeleton (D:4)
  Ijyb (D:3)
  Terence (D:2)
  Natasha (thrice) (D:2)
  3 worker ants
  A hound skeleton (D:4)
  8 mummies (Ossuary)
  4 adders
  A shadow imp (D:5)
  2 oozes
  A worm (D:5)
  A dart slug (D:1)
  7 leopard geckos
  12 orcs
  3 ball pythons (D:1)
  8 bats
  2 giant cockroaches
  3 gnoll zombies (Ossuary)
  6 goblins
  6 hobgoblins
  11 jackals
  2 quokkas (D:3)
  7 frilled lizards
  A hobgoblin zombie (Ossuary)
  10 kobolds
  3 kobold zombies (Ossuary)
  An orc zombie (Ossuary)
  5 rats
127 creatures vanquished.

Notes
Turn   | Place    | Note
-------+----------+-------------------------------------------
     0 | D:1      | Ethylacetat the Naga Gladiator began the quest for the Orb.
     0 | D:1      | Reached XP level 1. HP: 19/19 MP: 1/1
   196 | D:1      | Reached XP level 2. HP: 25/26 MP: 2/2
   562 | D:1      | Reached XP level 3. HP: 26/33 MP: 3/3
  1231 | D:1      | Reached skill level 4 in Polearms
  1404 | D:2      | Noticed Terence
  1414 | D:2      | HP: 1/33 [Terence/+0 morningstar (12)]
  1416 | D:2      | Killed Terence
  1416 | D:2      | Reached XP level 4. HP: 2/40 MP: 4/4
  2060 | D:2      | Noticed an orc warrior
  2062 | D:2      | Noticed Natasha
  2395 | D:2      | Killed Natasha
  2473 | D:2      | Reached XP level 5. HP: 39/49 MP: 5/5
  2502 | D:2      | Noticed Natasha
  2508 | D:2      | Killed Natasha
  2508 | D:2      | Reached skill level 5 in Polearms
  2646 | D:2      | Noticed Natasha
  2651 | D:2      | Killed Natasha
  3130 | D:2      | Killed an orc warrior
  3130 | D:2      | Reached skill level 6 in Polearms
  3130 | D:2      | Reached XP level 6. HP: 27/57 MP: 6/6
  3680 | D:3      | Found a sacrificial altar of Ru.
  3811 | D:3      | Noticed Ijyb
  3829 | D:3      | Killed Ijyb
  4443 | D:4      | Noticed a phantom
  4466 | D:4      | Killed a phantom
  4466 | D:4      | Reached XP level 7. HP: 35/66 MP: 7/7
  4624 | D:4      | Noticed Edmund
  4691 | D:3      | Killed Edmund
  4691 | D:3      | Reached skill level 7 in Polearms
  4892 | D:4      | Reached skill level 5 in Fighting
  5267 | D:4      | Noticed Sigmund
  5285 | D:4      | Killed Sigmund
  5285 | D:4      | Reached skill level 8 in Polearms
  5285 | D:4      | Reached XP level 8. HP: 32/75 MP: 8/8
  5778 | D:5      | Entered Level 5 of the Dungeon
  5803 | D:5      | Noticed Prince Ribbit
  5814 | D:5      | Killed Prince Ribbit
  5834 | D:5      | Found a sand-covered staircase.
  5839 | Ossuary  | Entered an ossuary
  6648 | D:5      | Noticed Eustachio
  6665 | D:5      | Killed Eustachio
  6665 | D:5      | Reached skill level 9 in Polearms
  7014 | D:5      | Found Hizesish's Weapon Emporium.
  7115 | D:5      | Noticed Blork the orc
  7134 | D:5      | Killed Blork the orc
  7134 | D:5      | Reached XP level 9. HP: 61/85 MP: 9/9
  7408 | D:5      | Identified the +1 ring mail "Yrick" {rF- rCorr Dex+9}
  7538 | D:6      | HP: 4/85 [orc warrior/+0 mace (9)]
  7542 | D:6      | Demolished by an orc warrior

Illustrated notes

Levels and vault maps discovered:
D:1:      dpeg_arrival_houses_and_road, layout_basic, minmay_heptomino_w4
D:2:      layout_basic, uniq_terence, uniq_natasha
D:3:      layout_basic, minmay_hedge_maze, nicolae_ru_path_of_blood, uniq_ijyb
D:4:      layout_rooms, first_ration, uniq_edmund, uniq_sigmund
D:5:      layout_loops_ring, enter_ossuary_2, serial_shops,
          nicolae_shop_crystal, uniq_eustachio, uniq_prince_ribbit1,
          uniq_blork_the_orc
D:6:      cheibrodos_fertilizer, layout_rooms, minmay_temple_entry_mist,
          gup_sewer_entry_pipe, evilmike_ruin_ashenzari, uniq_pikel,
          uniq_grinder

Skill      XL: |  1  2  3  4  5  6  7  8 |
---------------+-------------------------+-----
Polearms       | 4 6 8 9 |  9.7
Fighting       | 3 4 5 6 |  6.7
Throwing       | |  1.7
Dodging        | |  2.4

Action                   |  1- 3 |  4- 6 |  7- 9 || total
-------------------------+-------+-------+-------++-------
Melee: Trident           |    92 |   181 |   254 ||   527
       Scythe            |       |       |    13 ||    13
Throw: Throwing net      |     1 |     1 |     1 ||     3
 Abil: Spit Poison       |    17 |    20 |    26 ||    63
Evoke: Wand              |       |       |     6 ||     6
  Use: Potion            |       |     3 |     8 ||    11
       Scroll            |       |       |     2 ||     2
 Stab: Invisible         |       |       |     2 ||     2
       Held in net/web   |       |       |     1 ||     1
  Eat: Chunk             |     1 |     9 |     6 ||    16
       Ration            |       |       |     1 ||     1
Armor: Leather armour    |    20 |    58 |    32 ||   110
       Skin              |       |       |    74 ||    74
       Ring mail         |       |       |     6 ||     6
Dodge: Dodged            |    46 |    77 |   104 ||   227
